Workbook

Sheet ЛСР
K1: Приложение №
K2: к Договору подряда №
B3: ПОДРЯДЧИК: | D3: ЗАКАЗЧИК: | I3: ТЕХНИЧЕСКИЙ ЗАКАЗЧИК:
B6: ___________/
E8: Локальный сметный расчет №11
E9: Устройство системы телефонии. ГП-75. Сети связи. Телефония
A11: № | B11: Наименование | C11: Марка | D11: Характеристика | E11: Ед. изм. | F11: 75.9 | G11: Кол-во | H11: Цена | I11: Сумма | J11: Примечание | K11: Форма закупа материала
A12: 11 | B12: Внутренние инженерные сети
A13: 11.12. | B13: Устройство телефонии
A14: 11.12.01 | B14: Прокладка кабеля, трубы
A15: 11.12.01.00 | B15: Прокладка кабеля, трубы | I15: =I16+I18 -> 0
B16: Работа: | I16: =I17 -> 0
B17: Монтаж лотка | E17: м | F17: =(F21)*3 -> 147 | G17: =SUM(F17:F17) -> 147 | H17: =работа!H17 -> 0 | I17: =H17*G17 -> 0
B18: Материалы: | I18: =SUM(I19:I25) -> 0
B19: Анкер латунный забивной М8 IEK | D19: CLP1M-AL-8 | E19: шт | F19: 294 | G19: =SUM(F19:F19) -> 294 | H19: =материалы!H15 -> 0 | I19: =G19*H19 -> 0 | J19: 2 шт на 1м лотка
B20: Гайка со стопорным буртом М8 | D20: CLP1M-N-8-2 | E20: шт | F20: 294 | G20: =SUM(F20:F20) -> 294 | H20: =материалы!H16 -> 0 | I20: =G20*H20 -> 0 | J20: 2 шт на 1м лотка
B21: Лоток проволочный 60х100 IEK 3 метра | D21: CLWG10-060-100-3 | E21: шт | F21: 49 | G21: =SUM(F21:F21) -> 49 | H21: =материалы!H17 -> 0 | I21: =G21*H21 -> 0 | J21: включая лоток на НСС
B22: Профиль перфорированный П-образный 2100-2,0 IEK | D22: CLM50D-PPP-210-20 | E22: шт | F22: 21 | G22: =SUM(F22:F22) -> 21 | H22: =материалы!H18 -> 0 | I22: =G22*H22 -> 0 | J22: режим по 300мм, на 1м лотка
B23: Соединительный комплект одинарный MDS20 IEK | D23: CLW10-MDS-20 | E23: шт | F23: 392 | G23: =SUM(F23:F23) -> 392 | H23: =материалы!H19 -> 0 | I23: =G23*H23 -> 0 | J23: 8шт каждые 3м лотка
B24: Соединительный комплект одинарный MS20 IEK | D24: CLW10-MS-20 | E24: шт | F24: 294 | G24: =SUM(F24:F24) -> 294 | H24: =материалы!H20 -> 0 | I24: =G24*H24 -> 0 | J24: 2 шт на 1м лотка
B25: Шпилька резьбовая М8х1000 DIN 975 IEK | D25: CLW10-TM-08-1 | E25: шт | F25: 147 | G25: =SUM(F25:F25) -> 147 | H25: =материалы!H21 -> 0 | I25: =G25*H25 -> 0 | J25: 1 шт на 1м лотка
H26: Итого по ЛСР с НДС: | I26: =I15 -> 0
H27: в тч стоимость работ: | I27: =I16 -> 0
H28: в тч стоимость материалов: | I28: =I18 -> 0
H29: в тч НДС: | J29: указать при необходимости
B32: Примечание:
A33: - | B33: В случае, если один из перечисленных прочих материалов не был использован по факту при производстве работ, заказчик вправе откорректировать процент расходных материалов в актах выполненных работ (формы КС-2, КС-3), уменьшив на сумму исключенного материала.
A34: - | B34: Стоимость СМР учитывает - затраты на все второстепенные материалы и работы необходимые для осуществления полного комплекса работ, включая затраты: обеспечение технической водой для производства работ и бытовых целей; на мобилизацию, аренду и эксплуатацию всех необходимых механизмов, оборудования и инструментов, бытовых помещений и биотуалетов; на подъем материалов и разноску по этажам к местам производства работ; выполнение сопутствующих работ; вывоз мусора; накладные расходы, прибыль организации, налоги и иные издержки Подрядчика. Обеспечение безопасного производства работ на участке.
A35: - | B35: Стоимость материалов учитывает стоимость доставки.
A36: - | B36: В случае изменения системы налогообложения, риски увеличения стоимости договора относятся на сторону, чья система налогообложения изменяется.

Sheet работа
K1: Приложение №
K2: к Договору подряда №
B3: ПОДРЯДЧИК: | D3: ЗАКАЗЧИК: | I3: ТЕХНИЧЕСКИЙ ЗАКАЗЧИК:
B6: ___________/
E8: Ведомость работ
E9: Устройство системы телефонии. ГП-75. Сети связи. Телефония
A11: № | B11: Наименование | C11: Марка | D11: Характеристика | E11: Ед. изм. | F11: 75.9 | G11: Кол-во | H11: Цена | I11: Сумма | J11: Примечание | K11: Форма закупа материала
A12: 11 | B12: Внутренние инженерные сети
A13: 11.12. | B13: Устройство телефонии
A14: 11.12.01 | B14: Прокладка кабеля, трубы
A15: 11.12.01.00 | B15: Прокладка кабеля, трубы
B16: Работа:
B17: Монтаж лотка | E17: м | F17: 147 | G17: =SUM(F17:F17) -> 147 | I17: =H17*G17 -> 0
H18: Итого стомость работ | I18: =I15 -> 0
B21: Примечание:
A22: - | B22: В случае, если один из перечисленных прочих материалов не был использован по факту при производстве работ, заказчик вправе откорректировать процент расходных материалов в актах выполненных работ (формы КС-2, КС-3), уменьшив на сумму исключенного материала.
A23: - | B23: Стоимость СМР учитывает - затраты на все второстепенные материалы и работы необходимые для осуществления полного комплекса работ, включая затраты: обеспечение технической водой для производства работ и бытовых целей; на мобилизацию, аренду и эксплуатацию всех необходимых механизмов, оборудования и инструментов, бытовых помещений и биотуалетов; на подъем материалов и разноску по этажам к местам производства работ; выполнение сопутствующих работ; вывоз мусора; накладные расходы, прибыль организации, налоги и иные издержки Подрядчика. Обеспечение безопасного производства работ на участке.
A24: - | B24: Стоимость материалов учитывает стоимость доставки.
A25: - | B25: В случае изменения системы налогообложения, риски увеличения стоимости договора относятся на сторону, чья система налогообложения изменяется.

Sheet материалы
K1: Приложение №
K2: к Договору подряда №
B3: ПОДРЯДЧИК: | D3: ЗАКАЗЧИК: | I3: ТЕХНИЧЕСКИЙ ЗАКАЗЧИК:
B6: ___________/
E8: Ведомость материалов
E9: Устройство системы телефонии. ГП-75. Сети связи. Телефония
A11: № | B11: Наименование | C11: Марка | D11: Характеристика | E11: Ед. изм. | F11: 75.9 | G11: Кол-во | H11: Цена | I11: Сумма | J11: Примечание | K11: Форма закупа материала
A12: 11 | B12: Внутренние инженерные сети
A13: 11.12. | B13: Устройство телефонии
A14: 11.12.01 | B14: Прокладка кабеля, трубы
B15: Анкер латунный забивной М8 IEK | D15: CLP1M-AL-8 | E15: шт | F15: 294 | G15: =SUM(F15:F15) -> 294 | I15: =G15*H15 -> 0 | J15: 2 шт на 1м лотка
B16: Гайка со стопорным буртом М8 | D16: CLP1M-N-8-2 | E16: шт | F16: 294 | G16: =SUM(F16:F16) -> 294 | I16: =G16*H16 -> 0 | J16: 2 шт на 1м лотка
B17: Лоток проволочный 60х100 IEK 3 метра | D17: CLWG10-060-100-3 | E17: шт | F17: 49 | G17: =SUM(F17:F17) -> 49 | I17: =G17*H17 -> 0 | J17: включая лоток на НСС
B18: Профиль перфорированный П-образный 2100-2,0 IEK | D18: CLM50D-PPP-210-20 | E18: шт | F18: 21 | G18: =SUM(F18:F18) -> 21 | I18: =G18*H18 -> 0 | J18: режим по 300мм, на 1м лотка
B19: Соединительный комплект одинарный MDS20 IEK | D19: CLW10-MDS-20 | E19: шт | F19: 392 | G19: =SUM(F19:F19) -> 392 | I19: =G19*H19 -> 0 | J19: 8шт каждые 3м лотка
B20: Соединительный комплект одинарный MS20 IEK | D20: CLW10-MS-20 | E20: шт | F20: 294 | G20: =SUM(F20:F20) -> 294 | I20: =G20*H20 -> 0 | J20: 2 шт на 1м лотка
B21: Шпилька резьбовая М8х1000 DIN 975 IEK | D21: CLW10-TM-08-1 | E21: шт | F21: 147 | G21: =SUM(F21:F21) -> 147 | I21: =G21*H21 -> 0 | J21: 1 шт на 1м лотка
H22: Итого стоимость материалов | I22: =SUM(I15:I21) -> 0
B25: Примечание:
A26: - | B26: В случае, если один из перечисленных прочих материалов не был использован по факту при производстве работ, заказчик вправе откорректировать процент расходных материалов в актах выполненных работ (формы КС-2, КС-3), уменьшив на сумму исключенного материала.
A27: - | B27: Стоимость СМР учитывает - затраты на все второстепенные материалы и работы необходимые для осуществления полного комплекса работ, включая затраты: обеспечение технической водой для производства работ и бытовых целей; на мобилизацию, аренду и эксплуатацию всех необходимых механизмов, оборудования и инструментов, бытовых помещений и биотуалетов; на подъем материалов и разноску по этажам к местам производства работ; выполнение сопутствующих работ; вывоз мусора; накладные расходы, прибыль организации, налоги и иные издержки Подрядчика. Обеспечение безопасного производства работ на участке.
A28: - | B28: Стоимость материалов учитывает стоимость доставки.
A29: - | B29: В случае изменения системы налогообложения, риски увеличения стоимости договора относятся на сторону, чья система налогообложения изменяется.
